Unix NetHack Version 3.7.0-62 Work-in-progress - last build Aug 24 2022 02:59:55 (1754fd7919031489bd266d173cb7fe17fa02ec73,branch:master).

Game began 2022-08-29 20:35:26, ended 2022-08-30 20:55:12.

spontiff, neutral male gnomish Healer

  
unreconnoitered
unreconnoitered
unreconnoitered
unreconnoitered
unreconnoitered
unreconnoitered
unreconnoitered
unreconnoitered
unreconnoitered
unreconnoitered
unreconnoitered
unreconnoitered
unreconnoitered
unreconnoitered
unreconnoitered
unreconnoitered
unreconnoitered
unreconnoitered
unreconnoitered
unreconnoitered
unreconnoitered
unreconnoitered
unreconnoitered
unreconnoitered
unreconnoitered
unreconnoitered
unreconnoitered
unreconnoitered
unreconnoitered
unreconnoitered
unreconnoitered
unreconnoitered
unreconnoitered
unreconnoitered
unreconnoitered
unreconnoitered
unreconnoitered
unreconnoitered
unreconnoitered
unreconnoitered
unreconnoitered
unreconnoitered
unreconnoitered
unreconnoitered
unreconnoitered
unreconnoitered
unreconnoitered
unreconnoitered
unreconnoitered
unreconnoitered
unreconnoitered
unreconnoitered
unreconnoitered
unreconnoitered
unreconnoitered
unreconnoitered
unreconnoitered
unreconnoitered
unreconnoitered
unreconnoitered
unreconnoitered
unreconnoitered
unreconnoitered
unreconnoitered
unreconnoitered
unreconnoitered
unreconnoitered
unreconnoitered
unreconnoitered
unreconnoitered
unreconnoitered
unreconnoitered
unreconnoitered
unreconnoitered
unreconnoitered
unreconnoitered
unreconnoitered
unreconnoitered
unreconnoitered
unreconnoitered
unreconnoitered
unreconnoitered
unreconnoitered
unreconnoitered
unreconnoitered
unreconnoitered
unreconnoitered
unreconnoitered
unreconnoitered
unreconnoitered
unreconnoitered
unreconnoitered
unreconnoitered
unreconnoitered
unreconnoitered
unreconnoitered
unreconnoitered
unreconnoitered
unreconnoitered
unreconnoitered
unreconnoitered
unreconnoitered
unreconnoitered
unreconnoitered
unreconnoitered
unreconnoitered
unreconnoitered
unreconnoitered
unreconnoitered
unreconnoitered
unreconnoitered
unreconnoitered
unreconnoitered
unreconnoitered
unreconnoitered
unreconnoitered
unreconnoitered
unreconnoitered
unreconnoitered
unreconnoitered
unreconnoitered
unreconnoitered
unreconnoitered
unreconnoitered
unreconnoitered
unreconnoitered
unreconnoitered
unreconnoitered
unreconnoitered
unreconnoitered
unreconnoitered
unreconnoitered
unreconnoitered
unreconnoitered
unreconnoitered
unreconnoitered
unreconnoitered
unreconnoitered
unreconnoitered
unreconnoitered
unreconnoitered
unreconnoitered
unreconnoitered
unreconnoitered
unreconnoitered
unreconnoitered
unreconnoitered
unreconnoitered
unreconnoitered
unreconnoitered
unreconnoitered
unreconnoitered
unreconnoitered
unreconnoitered
unreconnoitered
unreconnoitered
unreconnoitered
unreconnoitered
unreconnoitered
unreconnoitered
unreconnoitered
unreconnoitered
unreconnoitered
unreconnoitered
unreconnoitered
unreconnoitered
unreconnoitered
unreconnoitered
unreconnoitered
unreconnoitered
unreconnoitered
unreconnoitered
unreconnoitered
unreconnoitered
unreconnoitered
unreconnoitered
unreconnoitered
unreconnoitered
unreconnoitered
unreconnoitered
unreconnoitered
unreconnoitered
unreconnoitered
unreconnoitered
unreconnoitered
unreconnoitered
unreconnoitered
unreconnoitered
unreconnoitered
unreconnoitered
unreconnoitered
unreconnoitered
unreconnoitered
unreconnoitered
unreconnoitered
unreconnoitered
unreconnoitered
unreconnoitered
unreconnoitered
unreconnoitered
unreconnoitered
unreconnoitered
unreconnoitered
unreconnoitered
unreconnoitered
unreconnoitered
unreconnoitered
unreconnoitered
unreconnoitered
unreconnoitered
unreconnoitered
unreconnoitered
unreconnoitered
unreconnoitered
unreconnoitered
unreconnoitered
unreconnoitered
unreconnoitered
unreconnoitered
unreconnoitered
unreconnoitered
unreconnoitered
unreconnoitered
unreconnoitered
unreconnoitered
unreconnoitered
unreconnoitered
unreconnoitered
unreconnoitered
unreconnoitered
unreconnoitered
unreconnoitered
unreconnoitered
unreconnoitered
unreconnoitered
unreconnoitered
unreconnoitered
unreconnoitered
unreconnoitered
unreconnoitered
unreconnoitered
unreconnoitered
unreconnoitered
unreconnoitered
unreconnoitered
unreconnoitered
unreconnoitered
unreconnoitered
unreconnoitered
unreconnoitered
unreconnoitered
unreconnoitered
unreconnoitered
unreconnoitered
unreconnoitered
unreconnoitered
unreconnoitered
unreconnoitered
unreconnoitered
unreconnoitered
unreconnoitered
unreconnoitered
unreconnoitered
unreconnoitered
unreconnoitered
unreconnoitered
unreconnoitered
unreconnoitered
unreconnoitered
unreconnoitered
unreconnoitered
unreconnoitered
unreconnoitered
unreconnoitered
unreconnoitered
unreconnoitered
unreconnoitered
unreconnoitered
unreconnoitered
unreconnoitered
unreconnoitered
unreconnoitered
unreconnoitered
unreconnoitered
unreconnoitered
unreconnoitered
unreconnoitered
unreconnoitered
unreconnoitered
unreconnoitered
unreconnoitered
unreconnoitered
unreconnoitered
unreconnoitered
unreconnoitered
unreconnoitered
unreconnoitered
unreconnoitered
unreconnoitered
unreconnoitered
unreconnoitered
unreconnoitered
unreconnoitered
unreconnoitered
unreconnoitered
unreconnoitered
unreconnoitered
unreconnoitered
unreconnoitered
unreconnoitered
unreconnoitered
unreconnoitered
unreconnoitered
.unreconnoitered
unreconnoitered
unreconnoitered
unreconnoitered
unreconnoitered
unreconnoitered
unreconnoitered
unreconnoitered
unreconnoitered
unreconnoitered
unreconnoitered
unreconnoitered
unreconnoitered
unreconnoitered
unreconnoitered
unreconnoitered
unreconnoitered
unreconnoitered
unreconnoitered
unreconnoitered
unreconnoitered
unreconnoitered
unreconnoitered
unreconnoitered
unreconnoitered
unreconnoitered
unreconnoitered
unreconnoitered
unreconnoitered
unreconnoitered
unreconnoitered
unreconnoitered
unreconnoitered
unreconnoitered
unreconnoitered
unreconnoitered
unreconnoitered
unreconnoitered
unreconnoitered
unreconnoitered
unreconnoitered
unreconnoitered
unreconnoitered
unreconnoitered
unreconnoitered
unreconnoitered
unreconnoitered
unreconnoitered
unreconnoitered
unreconnoitered
unreconnoitered
unreconnoitered
unreconnoitered
unreconnoitered
unreconnoitered
unreconnoitered
unreconnoitered
unreconnoitered
unreconnoitered
unreconnoitered
unreconnoitered
unreconnoitered
unreconnoitered
unreconnoitered
unreconnoitered
unreconnoitered
unreconnoitered
unreconnoitered
unreconnoitered
unreconnoitered
unreconnoitered
unreconnoitered
unreconnoitered
unreconnoitered
unreconnoitered
unreconnoitered
.unreconnoitered
unreconnoitered
.unreconnoitered
.unreconnoitered
.unreconnoitered
unreconnoitered
unreconnoitered
unreconnoitered
unreconnoitered
unreconnoitered
unreconnoitered
unreconnoitered
unreconnoitered
unreconnoitered
unreconnoitered
unreconnoitered
unreconnoitered
unreconnoitered
unreconnoitered
unreconnoitered
unreconnoitered
unreconnoitered
unreconnoitered
unreconnoitered
unreconnoitered
unreconnoitered
unreconnoitered
unreconnoitered
unreconnoitered
unreconnoitered
unreconnoitered
unreconnoitered
unreconnoitered
unreconnoitered
unreconnoitered
unreconnoitered
unreconnoitered
unreconnoitered
unreconnoitered
unreconnoitered
unreconnoitered
unreconnoitered
unreconnoitered
unreconnoitered
unreconnoitered
unreconnoitered
unreconnoitered
unreconnoitered
unreconnoitered
unreconnoitered
unreconnoitered
unreconnoitered
unreconnoitered
unreconnoitered
unreconnoitered
unreconnoitered
unreconnoitered
unreconnoitered
unreconnoitered
unreconnoitered
unreconnoitered
unreconnoitered
unreconnoitered
unreconnoitered
unreconnoitered
unreconnoitered
unreconnoitered
unreconnoitered
unreconnoitered
unreconnoitered
unreconnoitered
unreconnoitered
unreconnoitered
unreconnoitered
unreconnoitered
unreconnoitered
unreconnoitered
.unreconnoitered
.unreconnoitered
.unreconnoitered
.unreconnoitered
.unreconnoitered
.unreconnoitered
unreconnoitered
unreconnoitered
unreconnoitered
unreconnoitered
unreconnoitered
unreconnoitered
unreconnoitered
unreconnoitered
unreconnoitered
unreconnoitered
unreconnoitered
unreconnoitered
unreconnoitered
unreconnoitered
unreconnoitered
unreconnoitered
unreconnoitered
unreconnoitered
unreconnoitered
unreconnoitered
unreconnoitered
unreconnoitered
unreconnoitered
unreconnoitered
unreconnoitered
unreconnoitered
unreconnoitered
unreconnoitered
unreconnoitered
unreconnoitered
unreconnoitered
unreconnoitered
unreconnoitered
unreconnoitered
unreconnoitered
unreconnoitered
unreconnoitered
unreconnoitered
unreconnoitered
unreconnoitered
unreconnoitered
unreconnoitered
unreconnoitered
unreconnoitered
unreconnoitered
unreconnoitered
unreconnoitered
unreconnoitered
unreconnoitered
unreconnoitered
unreconnoitered
unreconnoitered
unreconnoitered
unreconnoitered
unreconnoitered
unreconnoitered
unreconnoitered
unreconnoitered
unreconnoitered
unreconnoitered
unreconnoitered
unreconnoitered
unreconnoitered
unreconnoitered
unreconnoitered
unreconnoitered
unreconnoitered
unreconnoitered
unreconnoitered
unreconnoitered
unreconnoitered
unreconnoitered
unreconnoitered
unreconnoitered
.unreconnoitered
.unreconnoitered
.unreconnoitered
.unreconnoitered
.unreconnoitered
<unreconnoitered
unreconnoitered
unreconnoitered
unreconnoitered
unreconnoitered
unreconnoitered
unreconnoitered
unreconnoitered
unreconnoitered
unreconnoitered
unreconnoitered
unreconnoitered
unreconnoitered
unreconnoitered
unreconnoitered
unreconnoitered
unreconnoitered
unreconnoitered
unreconnoitered
unreconnoitered
unreconnoitered
unreconnoitered
unreconnoitered
unreconnoitered
unreconnoitered
unreconnoitered
unreconnoitered
unreconnoitered
unreconnoitered
unreconnoitered
unreconnoitered
unreconnoitered
unreconnoitered
unreconnoitered
unreconnoitered
unreconnoitered
unreconnoitered
unreconnoitered
unreconnoitered
unreconnoitered
unreconnoitered
unreconnoitered
unreconnoitered
unreconnoitered
unreconnoitered
unreconnoitered
unreconnoitered
unreconnoitered
unreconnoitered
unreconnoitered
unreconnoitered
unreconnoitered
unreconnoitered
unreconnoitered
unreconnoitered
unreconnoitered
unreconnoitered
unreconnoitered
unreconnoitered
unreconnoitered
unreconnoitered
unreconnoitered
unreconnoitered
unreconnoitered
unreconnoitered
unreconnoitered
unreconnoitered
unreconnoitered
unreconnoitered
unreconnoitered
unreconnoitered
unreconnoitered
unreconnoitered
unreconnoitered
.unreconnoitered
.unreconnoitered
.unreconnoitered
.unreconnoitered
.unreconnoitered
unreconnoitered
unreconnoitered
unreconnoitered
unreconnoitered
unreconnoitered
unreconnoitered
unreconnoitered
unreconnoitered
unreconnoitered
unreconnoitered
unreconnoitered
unreconnoitered
unreconnoitered
unreconnoitered
unreconnoitered
unreconnoitered
unreconnoitered
unreconnoitered
unreconnoitered
unreconnoitered
unreconnoitered
unreconnoitered
unreconnoitered
unreconnoitered
unreconnoitered
unreconnoitered
unreconnoitered
unreconnoitered
unreconnoitered
unreconnoitered
unreconnoitered
unreconnoitered
unreconnoitered
unreconnoitered
unreconnoitered
unreconnoitered
unreconnoitered
unreconnoitered
unreconnoitered
unreconnoitered
unreconnoitered
unreconnoitered
unreconnoitered
unreconnoitered
unreconnoitered
unreconnoitered
unreconnoitered
unreconnoitered
unreconnoitered
unreconnoitered
unreconnoitered
unreconnoitered
unreconnoitered
unreconnoitered
unreconnoitered
unreconnoitered
unreconnoitered
unreconnoitered
unreconnoitered
unreconnoitered
unreconnoitered
unreconnoitered
unreconnoitered
unreconnoitered
unreconnoitered
unreconnoitered
unreconnoitered
unreconnoitered
unreconnoitered
unreconnoitered
unreconnoitered
unreconnoitered
unreconnoitered
unreconnoitered
unreconnoitered
unreconnoitered
.unreconnoitered
.unreconnoitered
unreconnoitered
unreconnoitered
unreconnoitered
unreconnoitered
unreconnoitered
unreconnoitered
unreconnoitered
unreconnoitered
unreconnoitered
unreconnoitered
unreconnoitered
unreconnoitered
unreconnoitered
unreconnoitered
unreconnoitered
unreconnoitered
unreconnoitered
unreconnoitered
unreconnoitered
unreconnoitered
unreconnoitered
unreconnoitered
unreconnoitered
unreconnoitered
unreconnoitered
unreconnoitered
unreconnoitered
unreconnoitered
unreconnoitered
unreconnoitered
unreconnoitered
unreconnoitered
unreconnoitered
unreconnoitered
unreconnoitered
unreconnoitered
unreconnoitered
unreconnoitered
unreconnoitered
unreconnoitered
unreconnoitered
unreconnoitered
unreconnoitered
unreconnoitered
unreconnoitered
unreconnoitered
unreconnoitered
unreconnoitered
unreconnoitered
unreconnoitered
unreconnoitered
unreconnoitered
unreconnoitered
unreconnoitered
unreconnoitered
unreconnoitered
unreconnoitered
unreconnoitered
unreconnoitered
unreconnoitered
unreconnoitered
unreconnoitered
unreconnoitered
unreconnoitered
unreconnoitered
unreconnoitered
unreconnoitered
unreconnoitered
unreconnoitered
unreconnoitered
unreconnoitered
unreconnoitered
unreconnoitered
unreconnoitered
unreconnoitered
unreconnoitered
unreconnoitered
.unreconnoitered
.unreconnoitered
.unreconnoitered
unreconnoitered
unreconnoitered
unreconnoitered
unreconnoitered
unreconnoitered
unreconnoitered
unreconnoitered
unreconnoitered
unreconnoitered
unreconnoitered
unreconnoitered
unreconnoitered
unreconnoitered
unreconnoitered
unreconnoitered
unreconnoitered
unreconnoitered
unreconnoitered
unreconnoitered
unreconnoitered
unreconnoitered
unreconnoitered
unreconnoitered
unreconnoitered
unreconnoitered
unreconnoitered
unreconnoitered
unreconnoitered
unreconnoitered
unreconnoitered
unreconnoitered
unreconnoitered
unreconnoitered
unreconnoitered
unreconnoitered
unreconnoitered
unreconnoitered
unreconnoitered
unreconnoitered
unreconnoitered
unreconnoitered
unreconnoitered
unreconnoitered
unreconnoitered
unreconnoitered
unreconnoitered
unreconnoitered
unreconnoitered
unreconnoitered
unreconnoitered
unreconnoitered
unreconnoitered
unreconnoitered
unreconnoitered
unreconnoitered
unreconnoitered
unreconnoitered
unreconnoitered
unreconnoitered
unreconnoitered
unreconnoitered
unreconnoitered
unreconnoitered
unreconnoitered
unreconnoitered
unreconnoitered
unreconnoitered
unreconnoitered
unreconnoitered
unreconnoitered
unreconnoitered
unreconnoitered
unreconnoitered
.unreconnoitered
.unreconnoitered
.unreconnoitered
.unreconnoitered
.unreconnoitered
unreconnoitered
unreconnoitered
unreconnoitered
unreconnoitered
unreconnoitered
unreconnoitered
unreconnoitered
unreconnoitered
unreconnoitered
unreconnoitered
unreconnoitered
unreconnoitered
unreconnoitered
unreconnoitered
unreconnoitered
unreconnoitered
unreconnoitered
unreconnoitered
unreconnoitered
unreconnoitered
unreconnoitered
unreconnoitered
unreconnoitered
unreconnoitered
unreconnoitered
unreconnoitered
unreconnoitered
unreconnoitered
unreconnoitered
unreconnoitered
unreconnoitered
unreconnoitered
unreconnoitered
unreconnoitered
unreconnoitered
unreconnoitered
unreconnoitered
unreconnoitered
unreconnoitered
unreconnoitered
unreconnoitered
unreconnoitered
unreconnoitered
unreconnoitered
unreconnoitered
unreconnoitered
unreconnoitered
unreconnoitered
unreconnoitered
unreconnoitered
unreconnoitered
unreconnoitered
unreconnoitered
unreconnoitered
unreconnoitered
unreconnoitered
unreconnoitered
unreconnoitered
unreconnoitered
unreconnoitered
unreconnoitered
unreconnoitered
unreconnoitered
unreconnoitered
unreconnoitered
unreconnoitered
unreconnoitered
unreconnoitered
unreconnoitered
unreconnoitered
unreconnoitered
unreconnoitered
unreconnoitered
.unreconnoitered
.unreconnoitered
.unreconnoitered
.unreconnoitered
.unreconnoitered
.unreconnoitered
unreconnoitered
unreconnoitered
unreconnoitered
unreconnoitered
unreconnoitered
unreconnoitered
unreconnoitered
unreconnoitered
unreconnoitered
unreconnoitered
unreconnoitered
unreconnoitered
unreconnoitered
unreconnoitered
unreconnoitered
unreconnoitered
unreconnoitered
unreconnoitered
unreconnoitered
unreconnoitered
unreconnoitered
unreconnoitered
unreconnoitered
unreconnoitered
unreconnoitered
unreconnoitered
unreconnoitered
unreconnoitered
unreconnoitered
unreconnoitered
unreconnoitered
unreconnoitered
unreconnoitered
unreconnoitered
unreconnoitered
unreconnoitered
unreconnoitered
unreconnoitered
unreconnoitered
unreconnoitered
unreconnoitered
unreconnoitered
unreconnoitered
unreconnoitered
unreconnoitered
unreconnoitered
unreconnoitered
unreconnoitered
unreconnoitered
unreconnoitered
unreconnoitered
unreconnoitered
unreconnoitered
unreconnoitered
unreconnoitered
unreconnoitered
unreconnoitered
unreconnoitered
unreconnoitered
unreconnoitered
unreconnoitered
unreconnoitered
unreconnoitered
unreconnoitered
unreconnoitered
unreconnoitered
unreconnoitered
unreconnoitered
unreconnoitered
unreconnoitered
unreconnoitered
unreconnoitered
unreconnoitered
.unreconnoitered
.unreconnoitered
.unreconnoitered
.unreconnoitered
.unreconnoitered
.unreconnoitered
unreconnoitered
unreconnoitered
unreconnoitered
unreconnoitered
unreconnoitered
unreconnoitered
unreconnoitered
unreconnoitered
unreconnoitered
unreconnoitered
unreconnoitered
unreconnoitered
unreconnoitered
unreconnoitered
unreconnoitered
unreconnoitered
unreconnoitered
unreconnoitered
unreconnoitered
unreconnoitered
unreconnoitered
unreconnoitered
unreconnoitered
unreconnoitered
unreconnoitered
unreconnoitered
unreconnoitered
unreconnoitered
unreconnoitered
unreconnoitered
unreconnoitered
unreconnoitered
unreconnoitered
unreconnoitered
unreconnoitered
unreconnoitered
unreconnoitered
unreconnoitered
unreconnoitered
unreconnoitered
unreconnoitered
unreconnoitered
unreconnoitered
unreconnoitered
unreconnoitered
unreconnoitered
unreconnoitered
unreconnoitered
unreconnoitered
unreconnoitered
unreconnoitered
unreconnoitered
unreconnoitered
unreconnoitered
unreconnoitered
unreconnoitered
unreconnoitered
unreconnoitered
unreconnoitered
unreconnoitered
unreconnoitered
unreconnoitered
unreconnoitered
unreconnoitered
unreconnoitered
unreconnoitered
unreconnoitered
unreconnoitered
unreconnoitered
unreconnoitered
unreconnoitered
unreconnoitered
unreconnoitered
unreconnoitered
.unreconnoitered
.unreconnoitered
.unreconnoitered
.unreconnoitered
.unreconnoitered
.unreconnoitered
unreconnoitered
unreconnoitered
unreconnoitered
unreconnoitered
unreconnoitered
unreconnoitered
unreconnoitered
unreconnoitered
unreconnoitered
unreconnoitered
unreconnoitered
unreconnoitered
unreconnoitered
unreconnoitered
unreconnoitered
unreconnoitered
unreconnoitered
unreconnoitered
unreconnoitered
unreconnoitered
unreconnoitered
unreconnoitered
unreconnoitered
unreconnoitered
unreconnoitered
unreconnoitered
unreconnoitered
unreconnoitered
unreconnoitered
unreconnoitered
unreconnoitered
unreconnoitered
unreconnoitered
unreconnoitered
unreconnoitered
unreconnoitered
unreconnoitered
unreconnoitered
unreconnoitered
unreconnoitered
unreconnoitered
unreconnoitered
unreconnoitered
unreconnoitered
unreconnoitered
unreconnoitered
unreconnoitered
unreconnoitered
unreconnoitered
unreconnoitered
unreconnoitered
unreconnoitered
unreconnoitered
unreconnoitered
unreconnoitered
unreconnoitered
unreconnoitered
unreconnoitered
unreconnoitered
unreconnoitered
unreconnoitered
unreconnoitered
unreconnoitered
unreconnoitered
unreconnoitered
unreconnoitered
unreconnoitered
unreconnoitered
unreconnoitered
unreconnoitered
unreconnoitered
.unreconnoitered
.unreconnoitered
unreconnoitered
unreconnoitered
.unreconnoitered
.unreconnoitered
.unreconnoitered
.unreconnoitered
unreconnoitered
unreconnoitered
unreconnoitered
unreconnoitered
unreconnoitered
unreconnoitered
unreconnoitered
unreconnoitered
unreconnoitered
unreconnoitered
unreconnoitered
unreconnoitered
unreconnoitered
unreconnoitered
unreconnoitered
unreconnoitered
unreconnoitered
unreconnoitered
unreconnoitered
unreconnoitered
unreconnoitered
unreconnoitered
unreconnoitered
unreconnoitered
unreconnoitered
unreconnoitered
unreconnoitered
unreconnoitered
unreconnoitered
unreconnoitered
unreconnoitered
unreconnoitered
unreconnoitered
unreconnoitered
unreconnoitered
unreconnoitered
unreconnoitered
unreconnoitered
unreconnoitered
unreconnoitered
unreconnoitered
unreconnoitered
unreconnoitered
unreconnoitered
unreconnoitered
unreconnoitered
unreconnoitered
unreconnoitered
unreconnoitered
unreconnoitered
unreconnoitered
unreconnoitered
unreconnoitered
unreconnoitered
unreconnoitered
unreconnoitered
unreconnoitered
unreconnoitered
unreconnoitered
unreconnoitered
unreconnoitered
unreconnoitered
unreconnoitered
unreconnoitered
unreconnoitered
unreconnoitered
unreconnoitered
unreconnoitered
unreconnoitered
unreconnoitered
unreconnoitered
.unreconnoitered
.interior of an air elemental
interior of an air elemental
interior of an air elemental
unreconnoitered
.unreconnoitered
.unreconnoitered
.unreconnoitered
unreconnoitered
unreconnoitered
unreconnoitered
unreconnoitered
unreconnoitered
unreconnoitered
unreconnoitered
unreconnoitered
unreconnoitered
unreconnoitered
unreconnoitered
unreconnoitered
unreconnoitered
unreconnoitered
unreconnoitered
unreconnoitered
unreconnoitered
unreconnoitered
unreconnoitered
unreconnoitered
unreconnoitered
unreconnoitered
unreconnoitered
unreconnoitered
unreconnoitered
unreconnoitered
unreconnoitered
unreconnoitered
unreconnoitered
unreconnoitered
unreconnoitered
unreconnoitered
unreconnoitered
unreconnoitered
unreconnoitered
unreconnoitered
unreconnoitered
unreconnoitered
unreconnoitered
unreconnoitered
unreconnoitered
unreconnoitered
unreconnoitered
unreconnoitered
unreconnoitered
unreconnoitered
unreconnoitered
unreconnoitered
unreconnoitered
unreconnoitered
unreconnoitered
unreconnoitered
unreconnoitered
unreconnoitered
unreconnoitered
unreconnoitered
unreconnoitered
unreconnoitered
unreconnoitered
unreconnoitered
unreconnoitered
unreconnoitered
unreconnoitered
unreconnoitered
unreconnoitered
unreconnoitered
unreconnoitered
unreconnoitered
unreconnoitered
unreconnoitered
unreconnoitered
.unreconnoitered
.interior of an air elemental
Egnomish healer called spontiff
.interior of an air elemental
.unreconnoitered
.unreconnoitered
.unreconnoitered
.unreconnoitered
unreconnoitered
unreconnoitered
unreconnoitered
unreconnoitered
unreconnoitered
unreconnoitered
unreconnoitered
unreconnoitered
unreconnoitered
unreconnoitered
unreconnoitered
unreconnoitered
unreconnoitered
unreconnoitered
unreconnoitered
unreconnoitered
unreconnoitered
unreconnoitered
unreconnoitered
unreconnoitered
unreconnoitered
unreconnoitered
unreconnoitered
unreconnoitered
unreconnoitered
unreconnoitered
unreconnoitered
unreconnoitered
unreconnoitered
unreconnoitered
unreconnoitered
unreconnoitered
unreconnoitered
unreconnoitered
unreconnoitered
unreconnoitered
unreconnoitered
unreconnoitered
unreconnoitered
unreconnoitered
unreconnoitered
unreconnoitered
unreconnoitered
unreconnoitered
unreconnoitered
unreconnoitered
unreconnoitered
unreconnoitered
unreconnoitered
unreconnoitered
unreconnoitered
unreconnoitered
unreconnoitered
unreconnoitered
unreconnoitered
unreconnoitered
unreconnoitered
unreconnoitered
unreconnoitered
unreconnoitered
unreconnoitered
unreconnoitered
unreconnoitered
unreconnoitered
unreconnoitered
unreconnoitered
unreconnoitered
unreconnoitered
unreconnoitered
unreconnoitered
unreconnoitered
.unreconnoitered
.interior of an air elemental
interior of an air elemental
interior of an air elemental
unreconnoitered
.unreconnoitered
.unreconnoitered
.unreconnoitered
unreconnoitered
unreconnoitered
unreconnoitered
unreconnoitered
unreconnoitered
unreconnoitered
unreconnoitered
unreconnoitered
unreconnoitered
unreconnoitered
unreconnoitered
unreconnoitered
unreconnoitered
unreconnoitered
unreconnoitered
unreconnoitered
unreconnoitered
unreconnoitered
unreconnoitered
unreconnoitered
unreconnoitered
unreconnoitered
unreconnoitered
unreconnoitered
unreconnoitered
unreconnoitered
unreconnoitered
unreconnoitered
unreconnoitered
unreconnoitered
unreconnoitered
unreconnoitered
unreconnoitered
unreconnoitered
unreconnoitered
unreconnoitered
unreconnoitered
unreconnoitered
unreconnoitered
unreconnoitered
unreconnoitered
unreconnoitered
unreconnoitered
unreconnoitered
unreconnoitered
unreconnoitered
unreconnoitered
unreconnoitered
unreconnoitered
unreconnoitered
unreconnoitered
unreconnoitered
unreconnoitered
unreconnoitered
unreconnoitered
unreconnoitered
unreconnoitered
unreconnoitered
unreconnoitered
unreconnoitered
unreconnoitered
unreconnoitered
unreconnoitered
unreconnoitered
unreconnoitered
unreconnoitered
unreconnoitered
unreconnoitered
unreconnoitered
unreconnoitered
unreconnoitered
.unreconnoitered
.unreconnoitered
unreconnoitered
unreconnoitered
unreconnoitered
unreconnoitered
.unreconnoitered
.unreconnoitered
unreconnoitered
unreconnoitered
unreconnoitered
unreconnoitered
unreconnoitered
unreconnoitered
unreconnoitered
unreconnoitered
unreconnoitered
unreconnoitered
unreconnoitered
unreconnoitered
unreconnoitered
unreconnoitered
unreconnoitered
unreconnoitered
unreconnoitered
unreconnoitered
unreconnoitered
unreconnoitered
unreconnoitered
unreconnoitered
unreconnoitered
unreconnoitered
unreconnoitered
unreconnoitered
unreconnoitered
unreconnoitered
unreconnoitered
unreconnoitered
unreconnoitered
unreconnoitered
unreconnoitered
unreconnoitered
unreconnoitered
unreconnoitered
unreconnoitered
unreconnoitered
unreconnoitered
unreconnoitered
unreconnoitered
unreconnoitered
unreconnoitered
unreconnoitered
unreconnoitered
unreconnoitered
unreconnoitered
unreconnoitered
unreconnoitered
unreconnoitered
unreconnoitered
unreconnoitered
unreconnoitered
unreconnoitered
unreconnoitered
unreconnoitered
unreconnoitered
unreconnoitered
unreconnoitered
unreconnoitered
unreconnoitered
unreconnoitered
unreconnoitered
unreconnoitered
unreconnoitered
unreconnoitered
unreconnoitered
unreconnoitered
unreconnoitered
unreconnoitered
unreconnoitered
unreconnoitered
unreconnoitered
unreconnoitered
unreconnoitered
unreconnoitered
unreconnoitered
unreconnoitered
unreconnoitered
unreconnoitered
unreconnoitered
unreconnoitered
unreconnoitered
unreconnoitered
unreconnoitered
unreconnoitered
unreconnoitered
unreconnoitered
unreconnoitered
unreconnoitered
unreconnoitered
unreconnoitered
unreconnoitered
unreconnoitered
unreconnoitered
unreconnoitered
unreconnoitered
unreconnoitered
unreconnoitered
unreconnoitered
unreconnoitered
unreconnoitered
unreconnoitered
unreconnoitered
unreconnoitered
unreconnoitered
unreconnoitered
unreconnoitered
unreconnoitered
unreconnoitered
unreconnoitered
unreconnoitered
unreconnoitered
unreconnoitered
unreconnoitered
unreconnoitered
unreconnoitered
unreconnoitered
unreconnoitered
unreconnoitered
unreconnoitered
unreconnoitered
unreconnoitered
unreconnoitered
unreconnoitered
unreconnoitered
unreconnoitered
unreconnoitered
unreconnoitered
unreconnoitered
unreconnoitered
unreconnoitered
unreconnoitered
unreconnoitered
unreconnoitered
unreconnoitered
unreconnoitered
unreconnoitered
unreconnoitered
unreconnoitered
unreconnoitered
unreconnoitered
unreconnoitered
unreconnoitered
unreconnoitered
unreconnoitered
unreconnoitered
unreconnoitered
unreconnoitered
unreconnoitered
unreconnoitered
unreconnoitered
unreconnoitered
unreconnoitered
unreconnoitered
unreconnoitered
unreconnoitered
unreconnoitered
unreconnoitered
unreconnoitered
[Spontiff the Rhizotomist ] St:12 Dx:10 Co:16 In:15 Wi:16 Ch:18 Neutral S:400 Dlvl:9 $:0 HP:0(41) Pw:1(5) AC:-7 Xp:1/0 T:11480

Latest messages:

The orc-captain hits the gecko.
The gecko is killed!
The orc-captain hits the gnome lord.
The orc-captain hits the gnome lord.
The gnome lord wields a thonged club!
The thonged club welds itself to the gnome lord's hand!
The orc-captain hits the gnome lord.
The orc-captain hits the gnome lord.
The gnome lord swings his thonged club at the orc-captain.
The gnome lord hits the orc-captain.
You see here a gecko corpse.
What do you want to use or apply? [fkostwxFHS or ?*] s
In what direction? k
Status of the orc-captain (chaotic): Level 6 HP 34(44) AC 10, tame.
You see here a gecko corpse.
The orc-captain eats a gecko corpse.
You notice a dog smell.
What do you want to use or apply? [fkostwxFHS or ?*] s
In what direction? h
Status of the orc-captain (chaotic): Level 6 HP 34(44) AC 10, tame, eating.
What do you want to use or apply? [fkostwxFHS or ?*] s
In what direction? b
Status of the gnome lord (neutral): Level 4 HP 4(20) AC 10, peaceful.
In what direction? h
The orc-captain looks better.
You hear crashing rock.
You swap places with the peaceful gnome lord.
You smell fish.
You miss the air elemental.
The air elemental engulfs you!
Your lamp called oil goes out!
You are pummeled with debris!
You are pummeled with debris!
You are pummeled with debris!
#arghffs: unknown extended command.
What do you want to use or apply? [fkostwxFHS or ?*] f
#i'm doomed, am i?: unknown extended command.
What do you want to use or apply? [fkostwxFHS or ?*] f
Are you sure you want to pray? [yn] (n) y
You begin praying to Hermes.
You hear some noises in the distance.
You are pummeled with debris!
You are pummeled with debris!
You get expelled!
The air elemental hits!
The air elemental engulfs you!
You are pummeled with debris!
You die...
Do you want your possessions identified? [ynq] (y) y
Do you want to see the dungeon overview? [ynq] (y) y

Major events:

Turn

1: spontiff the neutral male gnomish Healer entered the dungeon
1409: entered the Gnomish Mines
4362: entered Sokoban
4853: completed sokoban 1
7837: reached Mine Town
11480: killed by an air elemental, while praying

Inventory:

Armor

h - an uncursed +1 orcish helm (being worn)
g - an uncursed +1 pair of leather gloves (being worn)
v - an uncursed +0 pair of high boots (being worn)
r - a blessed +0 small shield (being worn)
q - a blessed +1 dwarvish cloak (being worn)
d - an uncursed +0 leather armor (being worn)

Comestibles

y - an uncursed apple
c - an uncursed carrot
n - an uncursed food ration
p - an uncursed tripe ration
u - an uncursed lichen corpse

Rings

R - an uncursed ring of free action (on right hand)

Wands

S - an uncursed wand of sleep named SMOKY FH (0:2)
F - an uncursed wand of speed monster (0:3)
H - an uncursed wand of teleportation (0:6)

Tools

f - an uncursed greased bag of holding containing 28 items
t - an uncursed blindfold named Po Ty
w - an uncursed mirror
x - an uncursed oil lamp
k - an uncursed skeleton key
s - an uncursed stethoscope
o - an uncursed tin whistle

Gems/Stones

E - an uncursed ruby

Contents of the bag of holding:

96 gold pieces
an uncursed +0 dart
an uncursed +0 helmet
an uncursed +0 pair of kicking boots
an uncursed carrot
2 uncursed food rations
an uncursed lembas wafer
an uncursed tripe ration
an uncursed scroll of amnesia
an uncursed scroll of confuse monster
a blessed scroll of earth
an uncursed scroll of earth
an uncursed scroll of food detection
an uncursed scroll of gold detection
an uncursed scroll of identify
an uncursed potion of paralysis
an uncursed potion of paralysis
an uncursed ring of protection from shape changers
an uncursed wand of slow monster (0:5)
an uncursed wand of undead turning (0:6)
a blessed can of grease (0:4)
an uncursed expensive camera (0:51)
an uncursed +0 pick-axe
an uncursed worthless piece of red glass
2 uncursed worthless pieces of violet glass
an uncursed worthless piece of white glass
an uncursed worthless piece of yellow glass
8 uncursed flint stones

Spontiff the Healer's attributes:


Background:

You were a Rhizotomist, a level 1 male gnomish Healer.
You were neutral, on a mission for Hermes
who was opposed by Athena (lawful) and Poseidon (chaotic).
You were in the Gnomish Mines, on level 9.
You entered the dungeon 11480 turns ago.
You had 0 experience points, 20 were needed to attain level 2.
Your score was 400 before end-of-game adjustments.

Basics:

You had 0 out of 41 hit points.
You had 1 out of 5 energy points (spell power).
Your armor class was -7.
Your wallet was empty.
Autopickup was on for '$!/="?' plus thrown, with exceptions.

Final Characteristics:

Your strength was 12 (limit:18/50).
Your dexterity was 10 (limit:18).
Your constitution was 16 (limit:18).
Your intelligence was 15 (limit:19).
Your wisdom was 16 (limit:18).
Your charisma was 18 (limit:18).

Final Status:

You were engulfed by an air elemental.
You were not hungry.
You were unencumbered.
You were empty handed.
You were unskilled in bare handed combat.

Final Attributes:

You were piously aligned.
You were poison resistant.
You were telepathic.
You had infravision.
You had a moderate defense bonus (+7).
You were warded.
You had free action.
You are dead.

Miscellaneous:
You never encountered a bones level.
Total elapsed playing time was 3 hours, 27 minutes and 29 seconds.

Vanquished creatures:

a large mimic
a small mimic
4 watchmen
an imp
2 Uruk-hai
2 rock moles
a pony
2 fog clouds
4 shriekers
3 gnome leaders
a guardian naga hatchling
a gray ooze
a baby crocodile
a giant ant
a little dog
10 floating eyes
3 kittens
13 dwarves
7 homunculi
3 kobold leaders
2 kobold shamans
5 hill orcs
4 rothes
2 giant bats
3 orc zombies
3 dwarf zombies
2 wererats
2 werejackals
7 iguanas
4 acid blobs
2 coyotes
a gas spore
5 hobbits
3 manes
a hobgoblin
14 giant rats
2 cave spiders
3 red molds
19 gnomes
3 garter snakes
4 gnome zombies
11 geckos
10 jackals
9 foxes
2 kobolds
5 goblins
9 sewer rats
15 grid bugs
12 lichens
3 kobold zombies
14 newts
243 creatures vanquished.
No species were genocided or became extinct.

Voluntary challenges:

You never hit with a wielded weapon.
You were a pacifist.
You read items or engraved 5 times.
You never engraved Elbereth.
You never genocided any monsters.
You never polymorphed an object.
You never changed form.
You used no wishes.
You did not violate any of the special Sokoban rules.

Achievements:

You entered the Gnomish Mines.
You entered a shop.
You entered Sokoban.
You entered Minetown.
You entered a temple.

The Dungeons of Doom: levels 1 to 9

   Level 1:
Level 2: "Stash"
Some altars.
Level 3:
A fountain, a sink.
Stairs down to The Gnomish Mines.
Level 4:
A fountain.
Level 5:
An altar to Hermes, a fountain, a grave.
Level 6:
A general store, an altar to Hermes, some fountains.
Level 7:
Many fountains.
Oracle of Delphi.
Level 8: "iron bars"
Stairs up to Sokoban, level 7.
Level 9:

The Gnomish Mines: levels 4 to 9

   Level 4:
Level 5:
Level 6:
Many shops, a temple to Hermes, some fountains.
Level 7:
Level 8: "Polytrap"
Level 9: <- You were here.
Final resting place for
you, killed by an air elemental, while praying.

Sokoban: levels 7 up to 6

   Level 6:
Unsolved.
Level 7:
Solved.

Game over:

----------
/ \
/ REST \
/ IN \
/ PEACE \
/ \
| spontiff |
| 96 Au |
| killed by an air |
| elemental |
| |
| |
| 2022 |
*| * * * | *
_________)/\\_//(\/(/\)/\//\/|_)_______

Goodbye spontiff the Healer...


You died in The Gnomish Mines on dungeon level 9 with 400 points,
and 96 pieces of gold, after 11480 moves.
You were level 1 with a maximum of 41 hit points when you died.